Capitals vs Devils

Created - February 24, 2017 at 19:28

Goals
1 2 3 OT1 SO T
Capitals 0 0 1 0 1 2
Devils 0 1 0 0 0 1
Shots
1 2 3 OT1 SO T
Capitals 10 8 12 1 3 31
Devils 5 10 13 1 3 29

1st period

No Goal

Penalties :
Steven Kampfer (NJD) for Hooking (Minor) at 3:04, Tommy Wingels (NJD) for Hooking (Minor) at 6:55, James Neal (NJD) for Roughing (Minor) at 13:11, Darren Helm (NJD) for Roughing (Minor) at 16:29

2nd period

1. Devils , James Neal 26 (Brandon Sutter, Drew Stafford) at 3:36

Penalties :
Mike Blunden (WSH) for Roughing (Minor) at 5:54, Viktor Stalberg (WSH) for Tripping (Minor) at 13:17, Trevor Daley (NJD) for Hooking (Minor) at 17:28

3rd period

2. Capitals , Morgan Rielly 8 (Calvin de Haan, Derek Dorsett) at 13:56 (PP)

Penalties :
Ben Chiarot (WSH) for Slashing (Minor) at 1:55, Dmitri Orlov (WSH) for Delaying the game (Minor) at 2:20, Viktor Stalberg (WSH) for High sticking (Minor) at 9:42, Steven Kampfer (NJD) for Hooking (Minor) at 12:13

Overtime #1

No Goal

Penalties :
No Penalty

Shootout

Penalty Shot by Cody Eakin for Capitals - Goal!
Penalty Shot by Mikko Koivu for Devils - Stopped by Cam Ward
Penalty Shot by Mathieu Perreault for Capitals - Stopped by Corey Crawford
Penalty Shot by James Neal for Devils - Stopped by Cam Ward
Penalty Shot by Derek Dorsett for Capitals - Stopped by Corey Crawford
Penalty Shot by Tyler Johnson for Devils - Stopped by Cam Ward

Penalties :
No Penalty

Goalie Stats

Cam Ward (WSH), 28 saves from 29 shots - (0.966), W, 28-15-5, 65:00 minutes
Corey Crawford (NJD), 30 saves from 31 shots - (0.968), OTL, 27-12-8, 65:00 minutes

Players Stats for Capitals

Player Name              G  A  P  +/- PIM S  H  SB GA TA FO     MP     PP MP  PK MP  
------------------------------------------------------------------------------------
Alexander Ovechkin       0  0  0   0  0   4  3  0  0  0  3/4    18:14   6:00   1:08 
Andrew Desjardins        0  0  0  -1  0   0  0  0  0  0  2/3    14:38   0:00   2:03 
Ben Chiarot              0  0  0  -1  2   0  3  2  0  0  0/0    13:56   0:00   0:08 
Calvin de Haan           0  1  1   0  0   3  4  1  0  0  0/0    23:02   6:10   4:14 
Cody Eakin               0  0  0   0  0   4  0  0  0  0  15/25  14:29   5:42   3:25 
David Desharnais         0  0  0   0  0   7  0  0  0  0  12/20  23:05   5:42   2:53 
Derek Dorsett            0  1  1   0  0   1  1  0  0  0  1/6    12:22   5:56   1:27 
Dmitri Orlov             0  0  0   0  2   0  4  3  0  0  0/0    23:19   5:28   2:10 
Jack Johnson             0  0  0   0  0   0  0  0  0  0  0/0     2:56   1:14   0:58 
Mathieu Perreault        0  0  0   0  0   1  0  0  0  0  0/1    17:05   5:56   0:00 
Matt Stajan              0  0  0  -1  0   0  0  0  0  0  3/12   14:58   0:00   0:00 
Mike Blunden             0  0  0  -1  2   1  2  0  0  0  0/0    12:34   0:00   0:00 
Mike Green               0  0  0   0  0   0  1  1  0  0  0/0    13:59   0:00   0:00 
Morgan Rielly            1  0  1   0  0   2  0  4  0  0  0/0    24:49   5:44   4:48 
Ryan Kesler              0  0  0   0  0   2  2  1  0  0  9/12   19:10   0:00   4:12 
Ryan McDonagh            0  0  0  -1  0   2  2  3  0  0  0/0    27:57   4:40   4:23 
Taylor Hall              0  0  0   0  0   4  0  0  0  0  1/1    14:44   0:00   0:00 
Viktor Stalberg          0  0  0   0  4   0  2  1  0  0  1/1    18:43   5:38   0:00 

Players Stats for Devils

Player Name              G  A  P  +/- PIM S  H  SB GA TA FO     MP     PP MP  PK MP  
------------------------------------------------------------------------------------
Ales Hemsky              0  0  0   0  0   1  0  0  0  0  0/0    10:20   0:00   0:00 
Brandon Sutter           0  1  1   1  0   0  0  0  0  0  10/22  17:09   3:45   0:00 
Colin Greening           0  0  0   0  0   1  3  0  0  0  2/11   11:02   0:24   0:18 
Darren Helm              0  0  0   0  2   1  1  0  0  0  4/8     6:47   0:00   0:00 
Dennis Seidenberg        0  0  0   1  0   1  2  4  0  0  0/0    25:41   3:26   5:53 
Dougie Hamilton          0  0  0   0  0   2  1  1  0  0  0/0    22:19   4:55   0:28 
Drew Stafford            0  1  1   1  0   2  0  1  0  0  1/1    22:08   3:45   6:06 
James Neal               1  0  1   1  2   5  2  0  0  0  0/0    17:54   4:12   0:00 
Johan Franzen            0  0  0   0  0   2  0  0  0  0  0/1     6:48   0:00   0:00 
Miikka Salomaki          0  0  0   0  0   0  1  0  0  0  0/0     6:48   0:00   0:00 
Mikko Koivu              0  0  0   0  0   6  2  0  0  0  17/33  23:48   4:36   5:32 
Ryan Pulock              0  0  0   0  0   0  0  0  0  0  0/0    18:46   0:00   6:00 
Shayne Gostisbehere      0  0  0   1  0   0  0  0  0  0  0/0    22:49   4:31   2:15 
Steven Kampfer           0  0  0   0  4   1  4  0  0  0  0/0    16:52   0:24   3:48 
Tommy Wingels            0  0  0   0  2   0  2  0  0  0  0/1    10:19   0:00   0:00 
Trevor Daley             0  0  0   0  2   3  0  0  0  0  0/0    23:30   3:26   4:52 
Tyler Johnson            0  0  0   0  0   3  1  0  0  0  4/7    23:45   4:36   5:48 
Valtteri Filppula        0  0  0   0  0   1  0  0  0  0  0/1    21:31   3:45   5:32 

3 Stars

1 - Corey Crawford (NJD)
2 - Cam Ward (WSH)
3 - Morgan Rielly (WSH)

Power Play

Capitals - 1 on 6 Attempt(s) - 16.67%
Devils - 0 on 5 Attempt(s) - 0.00%

Penalty Kill

Capitals - 5 on 5 Attempt(s) - 100.00% - Score 0 goal in Penalty Kill
Devils - 5 on 6 Attempt(s) - 83.33% - Score 0 goal in Penalty Kill

Team Stat

Capitals - Hits : 24 - Faceoff Wins : 47 - Blocked Shots : 16 - Penalty Minutes : 10
Devils - Hits : 19 - Faceoff Wins : 38 - Blocked Shots : 6 - Penalty Minutes : 12

Official

Referees : Steve Kozari and Tim Peel
Linesman : Scott Cherrey and Scott Driscoll

Game Notes

No Game Note

Finance

Level 1 -- Attendance: 5187 (86.45%) -- Ticket Income $606,879
Level 2 -- Attendance: 2881 (57.62%) -- Ticket Income $299,624
Level 3 -- Attendance: 2000 (100.00%) -- Ticket Income $158,000
Level 4 -- Attendance: 2433 (67.12%) -- Ticket Income $87,588
Luxury Box -- Attendance: 1000 (100.00%) -- Ticket Income $212,000
Game was played at the Prudential Center.
Total Attendance: 13501 (76.60%)
Total Ticket Income: $1,364,091
Other Income: $204,614
Total Income: $1,568,705

% Time on Ice - Capitals

Lines # - Real PCT - Wanted PCT - Time Play
Normal Forward
1 - 28% - 33% - 11:06
2 - 33% - 30% - 13:07
3 - 31% - 22% - 12:35
4 - 8% - 15% - 3:13
Normal Defense
1 - 35% - 33% - 13:49
2 - 32% - 26% - 12:37
3 - 26% - 26% - 10:30
4 - 8% - 15% - 3:05
PP Forward
1 - 49% - 60% - 5:42
2 - 51% - 40% - 5:56
PP Defense
1 - 47% - 60% - 5:28
2 - 53% - 40% - 6:10
PK Forward
1 - 77% - 60% - 5:14
2 - 23% - 40% - 1:33
PK Defense
1 - 46% - 60% - 3:08
2 - 54% - 40% - 3:39
PK3 Forward
1 - 85% - 60% - 1:20
2 - 15% - 40% - 0:14
PK3 Defense
1 - 45% - 60% - 0:42
2 - 55% - 40% - 0:52
44 Forward
1 - 0% - 60%
2 - 0% - 40%
44 Defense
1 - 0% - 60%
2 - 0% - 40%
Last Minute Offensive  - 0:00
Last Minute Defensive  - 0:00
Total
Forward - 60:00
Defense - 60:00

% Time on Ice - Devils

Lines # - Real PCT - Wanted PCT - Time Play
Normal Forward
1 - 29% - 28% - 11:25
2 - 29% - 28% - 11:28
3 - 26% - 26% - 10:20
4 - 17% - 18% - 6:48
Normal Defense
1 - 35% - 37% - 13:57
2 - 35% - 37% - 14:07
3 - 28% - 26% - 11:13
4 - 2% - 0% - 0:44
PP Forward
1 - 55% - 50% - 4:36
2 - 45% - 50% - 3:45
PP Defense
1 - 59% - 60% - 4:55
2 - 41% - 40% - 3:26
PK Forward
1 - 48% - 50% - 5:32
2 - 52% - 50% - 6:06
PK Defense
1 - 52% - 60% - 6:05
2 - 48% - 40% - 5:33
PK3 Forward
1 - 0% - 60%
2 - 0% - 40%
PK3 Defense
1 - 0% - 60%
2 - 0% - 40%
44 Forward
1 - 0% - 50%
2 - 0% - 50%
44 Defense
1 - 0% - 50%
2 - 0% - 50%
Last Minute Offensive  - 0:00
Last Minute Defensive  - 0:00
Total
Forward - 60:00
Defense - 60:00

Play by Play

1st period


0:01 of 1st period - Mikko Koivu wins face-off versus Ryan Kesler in neutral zone.
0:37 of 1st period - Shot by Mikko Koivu.
0:37 of 1st period - Stopped by Cam Ward without a rebound.
0:38 of 1st period - David Desharnais wins face-off versus Brandon Sutter in Capitals zone.
0:38 of 1st period - David Desharnais is hit by James Neal.
0:55 of 1st period - Shot by David Desharnais.
0:55 of 1st period - Stopped by Corey Crawford with a rebound.
1:43 of 1st period - Off-side.
1:44 of 1st period - Cody Eakin wins face-off versus Colin Greening in neutral zone.
2:03 of 1st period - Shot by Ales Hemsky.
2:03 of 1st period - Stopped by Cam Ward without a rebound.
2:04 of 1st period - Darren Helm wins face-off versus Matt Stajan in Capitals zone.
2:15 of 1st period - Shot by Miikka Salomaki.
2:15 of 1st period - Shot Blocked by Dmitri Orlov.
2:17 of 1st period - Shot by Miikka Salomaki.
2:17 of 1st period - Shot Misses the Net.
2:23 of 1st period - Shot by Miikka Salomaki.
2:23 of 1st period - Shot Misses the Net.
2:25 of 1st period - Shot by Johan Franzen.
2:25 of 1st period - Stopped by Cam Ward without a rebound.
2:26 of 1st period - Ryan Kesler wins face-off versus Colin Greening in Capitals zone.
2:41 of 1st period - Shot by Ales Hemsky.
2:41 of 1st period - Shot Misses the Net.
3:04 of 1st period - Minor Penalty to Steven Kampfer for Hooking.
3:05 of 1st period - Cody Eakin wins face-off versus Mikko Koivu in Devils zone.
3:08 of 1st period - Shot by David Desharnais.
3:08 of 1st period - Stopped by Corey Crawford without a rebound.
3:09 of 1st period - Cody Eakin wins face-off versus Tyler Johnson in Devils zone.
3:26 of 1st period - Shot by Tyler Johnson.
3:26 of 1st period - Shot Misses the Net.
3:48 of 1st period - Shot by Morgan Rielly.
3:48 of 1st period - Shot Misses the Net.
4:45 of 1st period - Shot by Alexander Ovechkin.
4:45 of 1st period - Stopped by Corey Crawford with a rebound.
5:27 of 1st period - Shot by Darren Helm.
5:27 of 1st period - Shot Blocked by Mike Green.
5:35 of 1st period - Morgan Rielly is hit by Darren Helm and loses puck.
6:10 of 1st period - Shot by Ales Hemsky.
6:10 of 1st period - Shot Misses the Net.
6:55 of 1st period - Minor Penalty to Tommy Wingels for Hooking.
6:56 of 1st period - Mikko Koivu wins face-off versus Derek Dorsett in Devils zone.
7:49 of 1st period - Shot by Calvin de Haan.
7:49 of 1st period - Shot Misses the Net.
7:51 of 1st period - Shot by David Desharnais.
7:51 of 1st period - Stopped by Corey Crawford without a rebound.
7:52 of 1st period - Cody Eakin wins face-off versus Mikko Koivu in Devils zone.
7:57 of 1st period - Shot by Calvin de Haan.
7:57 of 1st period - Shot Misses the Net.
8:05 of 1st period - Shot by Calvin de Haan.
8:05 of 1st period - Stopped by Corey Crawford without a rebound.
8:06 of 1st period - Mikko Koivu wins face-off versus Cody Eakin in Devils zone.
8:15 of 1st period - Shot by Ryan McDonagh.
8:15 of 1st period - Stopped by Corey Crawford without a rebound.
8:16 of 1st period - Mikko Koivu wins face-off versus Derek Dorsett in Devils zone.
8:27 of 1st period - Trevor Daley is hit by Alexander Ovechkin.
9:04 of 1st period - Icing by Viktor Stalberg.
9:05 of 1st period - David Desharnais wins face-off versus Brandon Sutter in Capitals zone.
9:13 of 1st period - Icing by Steven Kampfer.
9:14 of 1st period - David Desharnais wins face-off versus Brandon Sutter in Devils zone.
9:39 of 1st period - Shot by James Neal.
9:39 of 1st period - Stopped by Cam Ward without a rebound.
9:40 of 1st period - Alexander Ovechkin wins face-off versus Mikko Koivu in Capitals zone.
9:53 of 1st period - Shot by Alexander Ovechkin.
9:53 of 1st period - Shot Misses the Net.
10:19 of 1st period - Shot by Mikko Koivu.
10:19 of 1st period - Shot Misses the Net.
11:07 of 1st period - Shot by Taylor Hall.
11:07 of 1st period - Shot Misses the Net.
11:46 of 1st period - Icing by Ryan Pulock.
11:47 of 1st period - Cody Eakin wins face-off versus Darren Helm in Devils zone.
11:54 of 1st period - Shot by Cody Eakin.
11:54 of 1st period - Stopped by Corey Crawford without a rebound.
11:55 of 1st period - Ryan Kesler wins face-off versus Colin Greening in Devils zone.
12:17 of 1st period - Shot by Ryan Kesler.
12:17 of 1st period - Stopped by Corey Crawford without a rebound.
12:18 of 1st period - David Desharnais wins face-off versus Mikko Koivu in Devils zone.
13:00 of 1st period - Shot by Valtteri Filppula.
13:00 of 1st period - Shot Blocked by Viktor Stalberg.
13:02 of 1st period - Shot by Tyler Johnson.
13:02 of 1st period - Stopped by Cam Ward with a rebound.
13:09 of 1st period - Icing by Viktor Stalberg.
13:10 of 1st period - David Desharnais wins face-off versus Brandon Sutter in Capitals zone.
13:10 of 1st period - David Desharnais is hit by James Neal.
13:11 of 1st period - Minor Penalty to James Neal for Roughing.
13:12 of 1st period - Tyler Johnson wins face-off versus Mathieu Perreault in Devils zone.
13:34 of 1st period - Shot by Alexander Ovechkin.
13:34 of 1st period - Stopped by Corey Crawford without a rebound.
13:35 of 1st period - Cody Eakin wins face-off versus Tyler Johnson in Devils zone.
13:35 of 1st period - Viktor Stalberg is hit by Dennis Seidenberg and loses puck.
13:50 of 1st period - Shot by Cody Eakin.
13:50 of 1st period - Stopped by Corey Crawford without a rebound.
13:51 of 1st period - Mikko Koivu wins face-off versus Derek Dorsett in Devils zone.
16:29 of 1st period - Minor Penalty to Darren Helm for Roughing.
16:30 of 1st period - Mikko Koivu wins face-off versus Cody Eakin in Devils zone.
16:43 of 1st period - Shot by Morgan Rielly.
16:43 of 1st period - Shot Misses the Net.
17:12 of 1st period - Shot by Cody Eakin.
17:12 of 1st period - Shot Misses the Net.
18:22 of 1st period - Shot by Morgan Rielly.
18:22 of 1st period - Shot Misses the Net.
18:49 of 1st period - Ben Chiarot is hit by Tommy Wingels and loses puck.
19:02 of 1st period - Shot by Colin Greening.
19:02 of 1st period - Shot Blocked by Ben Chiarot.
19:32 of 1st period - Shot by Johan Franzen.
19:32 of 1st period - Shot Misses the Net.
19:34 of 1st period - Shot by Shayne Gostisbehere.
19:34 of 1st period - Shot Blocked by Ben Chiarot.
Goals for this period are 0 for Capitals vs 0 for Devils.
Shots for this period are 10 for Capitals vs 5 for Devils.

2nd period


0:01 of 2nd period - Ryan Kesler wins face-off versus Mikko Koivu in neutral zone.
0:20 of 2nd period - Shot by Alexander Ovechkin.
0:20 of 2nd period - Stopped by Corey Crawford with a rebound.
0:25 of 2nd period - Valtteri Filppula is hit by Alexander Ovechkin and loses puck.
0:33 of 2nd period - Shot by Ryan Pulock.
0:33 of 2nd period - Shot Misses the Net.
0:36 of 2nd period - Valtteri Filppula is hit by Calvin de Haan and loses puck.
0:39 of 2nd period - Shot by Mikko Koivu.
0:39 of 2nd period - Stopped by Cam Ward without a rebound.
0:40 of 2nd period - Brandon Sutter wins face-off versus David Desharnais in Capitals zone.
2:23 of 2nd period - Off-side.
2:24 of 2nd period - Mikko Koivu wins face-off versus Matt Stajan in neutral zone.
2:29 of 2nd period - Shot by Valtteri Filppula.
2:29 of 2nd period - Stopped by Cam Ward without a rebound.
2:30 of 2nd period - Tyler Johnson wins face-off versus Andrew Desjardins in Capitals zone.
2:41 of 2nd period - Shot by Mikko Koivu.
2:41 of 2nd period - Shot Misses the Net.
2:52 of 2nd period - Icing by Andrew Desjardins.
2:53 of 2nd period - Brandon Sutter wins face-off versus Matt Stajan in Capitals zone.
2:58 of 2nd period - Shot by Drew Stafford.
2:58 of 2nd period - Shot Misses the Net.
3:07 of 2nd period - James Neal is hit by Ben Chiarot and loses puck.
3:27 of 2nd period - James Neal is hit by Ben Chiarot and loses puck.
3:34 of 2nd period - Shot by Brandon Sutter.
3:34 of 2nd period - Shot Blocked by Ryan McDonagh.
3:36 of 2nd period - Shot by Brandon Sutter.
3:36 of 2nd period - Deflect By James Neal.
3:36 of 2nd period - Goal by James Neal - Capitals : 0 - Devils : 1.
3:37 of 2nd period - Ryan Kesler wins face-off versus Mikko Koivu in neutral zone.
3:51 of 2nd period - Mikko Koivu is hit by Calvin de Haan and loses puck.
4:02 of 2nd period - Mikko Koivu is hit by Alexander Ovechkin and loses puck.
4:23 of 2nd period - Icing by Mathieu Perreault.
4:24 of 2nd period - Alexander Ovechkin wins face-off versus Darren Helm in Capitals zone.
4:36 of 2nd period - Icing by Steven Kampfer.
4:37 of 2nd period - Darren Helm wins face-off versus David Desharnais in Devils zone.
4:56 of 2nd period - Shot by David Desharnais.
4:56 of 2nd period - Stopped by Corey Crawford without a rebound.
4:57 of 2nd period - Brandon Sutter wins face-off versus Matt Stajan in Devils zone.
5:01 of 2nd period - James Neal is hit by Mike Blunden and loses puck.
5:26 of 2nd period - Shot by Brandon Sutter.
5:26 of 2nd period - Shot Misses the Net.
5:28 of 2nd period - Shot by Brandon Sutter.
5:28 of 2nd period - Deflect By Drew Stafford.
5:28 of 2nd period - Shot Blocked by Ryan McDonagh.
5:53 of 2nd period - Trevor Daley is hit by Mike Blunden and loses puck.
5:54 of 2nd period - Minor Penalty to Mike Blunden for Roughing.
5:55 of 2nd period - Mikko Koivu wins face-off versus Cody Eakin in Capitals zone.
6:12 of 2nd period - Shot by Mikko Koivu.
6:12 of 2nd period - Deflect By Tyler Johnson.
6:12 of 2nd period - Shot Misses the Net.
6:14 of 2nd period - Shot by Shayne Gostisbehere.
6:14 of 2nd period - Shot Blocked by Morgan Rielly.
7:40 of 2nd period - Shot by Dougie Hamilton.
7:40 of 2nd period - Stopped by Cam Ward without a rebound.
7:41 of 2nd period - Brandon Sutter wins face-off versus David Desharnais in Capitals zone.
8:08 of 2nd period - Shot by Johan Franzen.
8:08 of 2nd period - Stopped by Cam Ward without a rebound.
8:09 of 2nd period - David Desharnais wins face-off versus Colin Greening in Capitals zone.
8:26 of 2nd period - Shot by Ales Hemsky.
8:26 of 2nd period - Shot Blocked by Dmitri Orlov.
9:46 of 2nd period - Shot by Tyler Johnson.
9:46 of 2nd period - Shot Misses the Net.
9:48 of 2nd period - Shot by Tyler Johnson.
9:48 of 2nd period - Shot Blocked by Ryan Kesler.
9:50 of 2nd period - Shot by Valtteri Filppula.
9:50 of 2nd period - Shot Misses the Net.
9:52 of 2nd period - Shot by Trevor Daley.
9:52 of 2nd period - Stopped by Cam Ward without a rebound.
9:53 of 2nd period - Brandon Sutter wins face-off versus David Desharnais in Capitals zone.
10:00 of 2nd period - James Neal is hit by Ben Chiarot and loses puck.
10:09 of 2nd period - Shot by Shayne Gostisbehere.
10:09 of 2nd period - Shot Hit the Post.
10:23 of 2nd period - Shot by James Neal.
10:23 of 2nd period - Deflect By Brandon Sutter.
10:23 of 2nd period - Shot Misses the Net.
11:02 of 2nd period - Shayne Gostisbehere is hit by Dmitri Orlov and loses puck.
11:24 of 2nd period - Shot by Valtteri Filppula.
11:24 of 2nd period - Shot Misses the Net.
11:26 of 2nd period - Shot by Valtteri Filppula.
11:26 of 2nd period - Shot Misses the Net.
11:28 of 2nd period - Shot by Valtteri Filppula.
11:28 of 2nd period - Shot Misses the Net.
11:33 of 2nd period - Mikko Koivu is hit by Dmitri Orlov and loses puck.
12:09 of 2nd period - Ryan Pulock is hit by Calvin de Haan and loses puck.
12:12 of 2nd period - Shot by Ales Hemsky.
12:12 of 2nd period - Shot Misses the Net.
12:14 of 2nd period - Shot by Tommy Wingels.
12:14 of 2nd period - Deflect By Colin Greening.
12:14 of 2nd period - Stopped by Cam Ward without a rebound.
12:15 of 2nd period - Matt Stajan wins face-off versus Johan Franzen in Capitals zone.
12:15 of 2nd period - Matt Stajan is hit by Miikka Salomaki.
12:24 of 2nd period - Andrew Desjardins is hit by Steven Kampfer and loses puck.
12:42 of 2nd period - Matt Stajan is hit by Steven Kampfer and loses puck.
12:49 of 2nd period - Shot by Andrew Desjardins.
12:49 of 2nd period - Deflect By Mike Blunden.
12:49 of 2nd period - Stopped by Corey Crawford without a rebound.
12:50 of 2nd period - Viktor Stalberg wins face-off versus Colin Greening in Devils zone.
12:56 of 2nd period - Icing by Tommy Wingels.
12:57 of 2nd period - Taylor Hall wins face-off versus Colin Greening in Devils zone.
13:17 of 2nd period - Minor Penalty to Viktor Stalberg for Tripping.
13:18 of 2nd period - Brandon Sutter wins face-off versus Cody Eakin in Capitals zone.
13:21 of 2nd period - Shot by Dougie Hamilton.
13:21 of 2nd period - Stopped by Cam Ward with a rebound.
13:52 of 2nd period - Icing by Drew Stafford.
13:53 of 2nd period - Cody Eakin wins face-off versus Brandon Sutter in Devils zone.
13:53 of 2nd period - Cody Eakin is hit by Dougie Hamilton.
14:34 of 2nd period - Shot by James Neal.
14:34 of 2nd period - Shot Misses the Net.
14:36 of 2nd period - Shot by Dennis Seidenberg.
14:36 of 2nd period - Stopped by Cam Ward with a rebound.
15:23 of 2nd period - Icing by Colin Greening.
15:24 of 2nd period - Matt Stajan wins face-off versus Colin Greening in Devils zone.
15:36 of 2nd period - Icing by Ryan Pulock.
15:37 of 2nd period - Colin Greening wins face-off versus David Desharnais in Devils zone.
15:37 of 2nd period - Colin Greening is hit by Viktor Stalberg.
16:24 of 2nd period - Shot by Mikko Koivu.
16:24 of 2nd period - Stopped by Cam Ward without a rebound.
16:25 of 2nd period - Ryan Kesler wins face-off versus Mikko Koivu in Capitals zone.
16:27 of 2nd period - Dmitri Orlov is hit by Mikko Koivu and loses puck.
16:32 of 2nd period - Shot by Ryan McDonagh.
16:32 of 2nd period - Shot Misses the Net.
16:34 of 2nd period - Shot by Ryan Kesler.
16:34 of 2nd period - Deflect By Alexander Ovechkin.
16:34 of 2nd period - Shot Blocked by Dougie Hamilton.
17:28 of 2nd period - Minor Penalty to Trevor Daley for Hooking.
17:29 of 2nd period - Cody Eakin wins face-off versus Colin Greening in Devils zone.
17:30 of 2nd period - Shot by Calvin de Haan.
17:30 of 2nd period - Shot Misses the Net.
17:32 of 2nd period - Shot by Calvin de Haan.
17:32 of 2nd period - Shot Blocked by Drew Stafford.
17:34 of 2nd period - Shot by Morgan Rielly.
17:34 of 2nd period - Shot Misses the Net.
17:36 of 2nd period - Shot by Cody Eakin.
17:36 of 2nd period - Stopped by Corey Crawford without a rebound.
17:37 of 2nd period - Cody Eakin wins face-off versus Tyler Johnson in Devils zone.
17:38 of 2nd period - Shot by Calvin de Haan.
17:38 of 2nd period - Stopped by Corey Crawford with a rebound.
17:54 of 2nd period - Shot by Calvin de Haan.
17:54 of 2nd period - Stopped by Corey Crawford without a rebound.
17:55 of 2nd period - Mikko Koivu wins face-off versus Derek Dorsett in Devils zone.
18:11 of 2nd period - Shot by Mathieu Perreault.
18:11 of 2nd period - Shot Misses the Net.
18:19 of 2nd period - Shot by Alexander Ovechkin.
18:19 of 2nd period - Deflect By Mathieu Perreault.
18:19 of 2nd period - Stopped by Corey Crawford without a rebound.
18:20 of 2nd period - Cody Eakin wins face-off versus Mikko Koivu in Devils zone.
18:57 of 2nd period - Shot by Morgan Rielly.
18:57 of 2nd period - Stopped by Corey Crawford without a rebound.
18:58 of 2nd period - Tyler Johnson wins face-off versus Alexander Ovechkin in Devils zone.
19:42 of 2nd period - Darren Helm is hit by Mike Green and loses puck.
Goals for this period are 0 for Capitals vs 1 for Devils.
Shots for this period are 8 for Capitals vs 10 for Devils.

3rd period


0:01 of 3rd period - Brandon Sutter wins face-off versus Ryan Kesler in neutral zone.
0:56 of 3rd period - Shot by Viktor Stalberg.
0:56 of 3rd period - Shot Misses the Net.
1:04 of 3rd period - Shot by David Desharnais.
1:04 of 3rd period - Stopped by Corey Crawford without a rebound.
1:05 of 3rd period - Mikko Koivu wins face-off versus Matt Stajan in Devils zone.
1:24 of 3rd period - Shot by Tyler Johnson.
1:24 of 3rd period - Shot Misses the Net.
1:26 of 3rd period - Shot by Mikko Koivu.
1:26 of 3rd period - Shot Blocked by Morgan Rielly.
1:28 of 3rd period - Shot by Tyler Johnson.
1:28 of 3rd period - Shot Misses the Net.
1:30 of 3rd period - Shot by Valtteri Filppula.
1:30 of 3rd period - Shot Misses the Net.
1:32 of 3rd period - Shot by Trevor Daley.
1:32 of 3rd period - Stopped by Cam Ward without a rebound.
1:33 of 3rd period - David Desharnais wins face-off versus Tommy Wingels in Capitals zone.
1:33 of 3rd period - David Desharnais is hit by Tommy Wingels.
1:55 of 3rd period - Minor Penalty to Ben Chiarot for Slashing.
1:56 of 3rd period - Cody Eakin wins face-off versus Mikko Koivu in Capitals zone.
2:12 of 3rd period - Mikko Koivu is hit by Ryan McDonagh and loses puck.
2:17 of 3rd period - Shot by Tyler Johnson.
2:17 of 3rd period - Shot Misses the Net.
2:20 of 3rd period - Minor Penalty to Dmitri Orlov for Delaying the game.
2:21 of 3rd period - Drew Stafford wins face-off versus David Desharnais in Capitals zone.
2:38 of 3rd period - Shot by Brandon Sutter.
2:38 of 3rd period - Shot Blocked by Calvin de Haan.
2:44 of 3rd period - Shot by Dennis Seidenberg.
2:44 of 3rd period - Shot Blocked by Morgan Rielly.
2:46 of 3rd period - Shot by Drew Stafford.
2:46 of 3rd period - Shot Misses the Net.
2:48 of 3rd period - Shot by Brandon Sutter.
2:48 of 3rd period - Shot Blocked by Morgan Rielly.
3:26 of 3rd period - Shot by Mikko Koivu.
3:26 of 3rd period - Stopped by Cam Ward without a rebound.
3:27 of 3rd period - David Desharnais wins face-off versus Mikko Koivu in Capitals zone.
4:03 of 3rd period - Shot by Mikko Koivu.
4:03 of 3rd period - Shot Misses the Net.
4:28 of 3rd period - Morgan Rielly is hit by Colin Greening and loses puck.
4:50 of 3rd period - Icing by Morgan Rielly.
4:51 of 3rd period - Darren Helm wins face-off versus Matt Stajan in Capitals zone.
5:12 of 3rd period - Shot by Darren Helm.
5:12 of 3rd period - Stopped by Cam Ward without a rebound.
5:13 of 3rd period - Ryan Kesler wins face-off versus Brandon Sutter in Capitals zone.
6:18 of 3rd period - Shot by Taylor Hall.
6:18 of 3rd period - Stopped by Corey Crawford without a rebound.
6:19 of 3rd period - Colin Greening wins face-off versus David Desharnais in Devils zone.
6:44 of 3rd period - Shot by Taylor Hall.
6:44 of 3rd period - Stopped by Corey Crawford without a rebound.
6:45 of 3rd period - Mikko Koivu wins face-off versus Matt Stajan in Devils zone.
6:55 of 3rd period - Icing by Tyler Johnson.
6:56 of 3rd period - Mikko Koivu wins face-off versus Cody Eakin in Devils zone.
7:09 of 3rd period - Shot by Ryan Kesler.
7:09 of 3rd period - Stopped by Corey Crawford without a rebound.
7:10 of 3rd period - David Desharnais wins face-off versus Brandon Sutter in Devils zone.
7:15 of 3rd period - Shot by Taylor Hall.
7:15 of 3rd period - Stopped by Corey Crawford with a rebound.
7:30 of 3rd period - Shot by Taylor Hall.
7:30 of 3rd period - Stopped by Corey Crawford without a rebound.
7:31 of 3rd period - Mikko Koivu wins face-off versus Cody Eakin in Devils zone.
7:31 of 3rd period - Mikko Koivu is hit by Derek Dorsett.
8:09 of 3rd period - Dougie Hamilton is hit by Ryan Kesler.
8:28 of 3rd period - James Neal is hit by Dmitri Orlov and loses puck.
8:56 of 3rd period - Brandon Sutter is hit by Dmitri Orlov and loses puck.
9:03 of 3rd period - Shot by James Neal.
9:03 of 3rd period - Shot Blocked by Dmitri Orlov.
9:05 of 3rd period - Shot by Drew Stafford.
9:05 of 3rd period - Stopped by Cam Ward with a rebound.
9:12 of 3rd period - Icing by Calvin de Haan.
9:13 of 3rd period - Darren Helm wins face-off versus Cody Eakin in Capitals zone.
9:13 of 3rd period - Miikka Salomaki is hit by Calvin de Haan.
9:26 of 3rd period - Shot by Steven Kampfer.
9:26 of 3rd period - Stopped by Cam Ward without a rebound.
9:27 of 3rd period - Mikko Koivu wins face-off versus David Desharnais in Capitals zone.
9:27 of 3rd period - Dougie Hamilton is hit by Ryan McDonagh and loses puck.
9:42 of 3rd period - Minor Penalty to Viktor Stalberg for High sticking.
9:43 of 3rd period - Andrew Desjardins wins face-off versus Mikko Koivu in Capitals zone.
10:09 of 3rd period - Shot by Mikko Koivu.
10:09 of 3rd period - Stopped by Cam Ward with a rebound.
10:11 of 3rd period - Shot by James Neal.
10:11 of 3rd period - Shot Misses the Net.
10:13 of 3rd period - Shot by Tyler Johnson.
10:13 of 3rd period - Shot Misses the Net.
10:15 of 3rd period - Shot by James Neal.
10:15 of 3rd period - Stopped by Cam Ward with a rebound.
10:17 of 3rd period - Shot by James Neal.
10:17 of 3rd period - Shot Blocked by Ryan McDonagh.
10:19 of 3rd period - Shot by Mikko Koivu.
10:19 of 3rd period - Stopped by Cam Ward with a rebound.
10:21 of 3rd period - Shot by James Neal.
10:21 of 3rd period - Stopped by Cam Ward with a rebound.
10:23 of 3rd period - Shot by Tyler Johnson.
10:23 of 3rd period - Stopped by Cam Ward without a rebound.
10:24 of 3rd period - Andrew Desjardins wins face-off versus Brandon Sutter in Capitals zone.
10:59 of 3rd period - Shot by Trevor Daley.
10:59 of 3rd period - Stopped by Cam Ward without a rebound.
11:00 of 3rd period - Cody Eakin wins face-off versus Mikko Koivu in Capitals zone.
11:00 of 3rd period - Cody Eakin is hit by Tyler Johnson.
11:14 of 3rd period - Shot by Dougie Hamilton.
11:14 of 3rd period - Shot Misses the Net.
11:32 of 3rd period - Shot by James Neal.
11:32 of 3rd period - Stopped by Cam Ward without a rebound.
11:33 of 3rd period - Brandon Sutter wins face-off versus Cody Eakin in Capitals zone.
11:42 of 3rd period - Shot by Drew Stafford.
11:42 of 3rd period - Stopped by Cam Ward without a rebound.
11:43 of 3rd period - David Desharnais wins face-off versus Colin Greening in Capitals zone.
11:43 of 3rd period - David Desharnais is hit by Colin Greening.
12:08 of 3rd period - David Desharnais is hit by Colin Greening.
12:13 of 3rd period - Minor Penalty to Steven Kampfer for Hooking.
12:14 of 3rd period - Mikko Koivu wins face-off versus Derek Dorsett in Devils zone.
12:26 of 3rd period - Shot by Derek Dorsett.
12:26 of 3rd period - Stopped by Corey Crawford without a rebound.
12:27 of 3rd period - Mikko Koivu wins face-off versus Cody Eakin in Devils zone.
12:50 of 3rd period - Shot by David Desharnais.
12:50 of 3rd period - Stopped by Corey Crawford without a rebound.
12:51 of 3rd period - Alexander Ovechkin wins face-off versus Mikko Koivu in Devils zone.
12:54 of 3rd period - Shot by Morgan Rielly.
12:54 of 3rd period - Shot Misses the Net.
13:24 of 3rd period - Shot by Alexander Ovechkin.
13:24 of 3rd period - Stopped by Corey Crawford without a rebound.
13:25 of 3rd period - Tyler Johnson wins face-off versus Cody Eakin in Devils zone.
13:49 of 3rd period - David Desharnais is hit by Dennis Seidenberg and loses puck.
13:52 of 3rd period - Shot by Ryan McDonagh.
13:52 of 3rd period - Stopped by Corey Crawford without a rebound.
13:53 of 3rd period - Derek Dorsett wins face-off versus Valtteri Filppula in Devils zone.
13:54 of 3rd period - Shot by Calvin de Haan.
13:54 of 3rd period - Shot Misses the Net.
13:56 of 3rd period - Shot by Morgan Rielly.
13:56 of 3rd period - Goal by Morgan Rielly - Capitals : 1 - Devils : 1.
13:57 of 3rd period - Ryan Kesler wins face-off versus Mikko Koivu in neutral zone.
13:57 of 3rd period - Morgan Rielly is hit by Mikko Koivu and loses puck.
14:03 of 3rd period - Off-side.
14:04 of 3rd period - Ryan Kesler wins face-off versus Brandon Sutter in neutral zone.
14:21 of 3rd period - Shot by Ryan Kesler.
14:21 of 3rd period - Shot Misses the Net.
14:24 of 3rd period - Icing by Dennis Seidenberg.
14:25 of 3rd period - David Desharnais wins face-off versus Brandon Sutter in Devils zone.
14:36 of 3rd period - Shot by Taylor Hall.
14:36 of 3rd period - Shot Blocked by Dennis Seidenberg.
14:38 of 3rd period - Shot by Taylor Hall.
14:38 of 3rd period - Shot Misses the Net.
14:47 of 3rd period - James Neal is hit by Viktor Stalberg and loses puck.
15:16 of 3rd period - Icing by Shayne Gostisbehere.
15:17 of 3rd period - Ryan Kesler wins face-off versus Brandon Sutter in Devils zone.
15:25 of 3rd period - Shot by Ryan Kesler.
15:25 of 3rd period - Shot Misses the Net.
15:36 of 3rd period - Icing by Shayne Gostisbehere.
15:37 of 3rd period - Matt Stajan wins face-off versus Brandon Sutter in Devils zone.
16:09 of 3rd period - Icing by Morgan Rielly.
16:10 of 3rd period - Mikko Koivu wins face-off versus Matt Stajan in Capitals zone.
16:21 of 3rd period - Shot by Tyler Johnson.
16:21 of 3rd period - Shot Hit the Post.
16:45 of 3rd period - Shot by Valtteri Filppula.
16:45 of 3rd period - Shot Misses the Net.
18:15 of 3rd period - Shot by David Desharnais.
18:15 of 3rd period - Stopped by Corey Crawford without a rebound.
18:16 of 3rd period - Cody Eakin wins face-off versus Darren Helm in Devils zone.
18:16 of 3rd period - Derek Dorsett is hit by Steven Kampfer and loses puck.
18:19 of 3rd period - Shot by Ryan Kesler.
18:19 of 3rd period - Shot Misses the Net.
18:30 of 3rd period - Derek Dorsett is hit by Steven Kampfer.
18:53 of 3rd period - Icing by Steven Kampfer.
18:54 of 3rd period - David Desharnais wins face-off versus Darren Helm in Devils zone.
19:03 of 3rd period - Shot by Viktor Stalberg.
19:03 of 3rd period - Shot Misses the Net.
Goals for this period are 1 for Capitals vs 0 for Devils.
Shots for this period are 12 for Capitals vs 13 for Devils.

Overtime #1


0:01 of 1st overtime period - Cody Eakin wins face-off versus Mikko Koivu in neutral zone.
0:06 of 1st overtime period - Shot by Matt Stajan.
0:06 of 1st overtime period - Shot Blocked by Dennis Seidenberg.
1:16 of 1st overtime period - Shot by Brandon Sutter.
1:16 of 1st overtime period - Shot Misses the Net.
1:49 of 1st overtime period - Icing by Tyler Johnson.
1:50 of 1st overtime period - Brandon Sutter wins face-off versus Ryan Kesler in Devils zone.
1:50 of 1st overtime period - Brandon Sutter is hit by Ryan Kesler.
2:31 of 1st overtime period - Icing by Mikko Koivu.
2:32 of 1st overtime period - Cody Eakin wins face-off versus Mikko Koivu in Devils zone.
2:33 of 1st overtime period - Shot by Ryan McDonagh.
2:33 of 1st overtime period - Shot Blocked by Dennis Seidenberg.
2:35 of 1st overtime period - Shot by Cody Eakin.
2:35 of 1st overtime period - Shot Misses the Net.
2:49 of 1st overtime period - Shot by Cody Eakin.
2:49 of 1st overtime period - Stopped by Corey Crawford without a rebound.
2:50 of 1st overtime period - Brandon Sutter wins face-off versus Matt Stajan in Devils zone.
2:59 of 1st overtime period - Shot by Tyler Johnson.
2:59 of 1st overtime period - Stopped by Cam Ward with a rebound.
3:50 of 1st overtime period - Shot by Cody Eakin.
3:50 of 1st overtime period - Shot Blocked by Dennis Seidenberg.
Goals for this period are 0 for Capitals vs 0 for Devils.
Shots for this period are 1 for Capitals vs 1 for Devils.

ShootOut


5:00 of 1st overtime period - Penalty Shot by Cody Eakin for Capitals.
5:00 of 1st overtime period - Goal by Cody Eakin.
5:00 of 1st overtime period - Penalty Shot by Mikko Koivu for Devils.
5:00 of 1st overtime period - Stopped by Cam Ward.
5:00 of 1st overtime period - Penalty Shot by Mathieu Perreault for Capitals.
5:00 of 1st overtime period - Stopped by Corey Crawford.
5:00 of 1st overtime period - Penalty Shot by James Neal for Devils.
5:00 of 1st overtime period - Stopped by Cam Ward.
5:00 of 1st overtime period - Penalty Shot by Derek Dorsett for Capitals.
5:00 of 1st overtime period - Stopped by Corey Crawford.
5:00 of 1st overtime period - Penalty Shot by Tyler Johnson for Devils.
5:00 of 1st overtime period - Stopped by Cam Ward.